 Dungeon Crawl Stone Soup version 0.31-a0-180-g519b7de00c (webtiles) character file.

Game seed: 12918743965195851564

1107 qw the Chopper (level 8, 0/49 HPs)
             Began as a Gargoyle Fighter on June 20, 2023.
             Slain by an ice beast (12 damage)
             ... on level 6 of the Dungeon.
             The game lasted 00:02:40 (4083 turns).

qw the Chopper (Gargoyle Fighter)                   Turns: 4083, Time: 00:02:40

Health: 0/49       AC: 23    Str: 22    XL:     8   Next: 33%
Magic:  0/8        EV:  6    Int:  9    God:
Gold:   71         SH:  0    Dex: 10    Spells: 7/7 levels left

rFire   . . .        Y - +1 war axe
rCold   . . .        c - +0 buckler
rNeg    + . .        u - +0 plate armour
rPois   inf          a - +1 helmet
rElec   +            f - +1 cloak
rCorr   .            (no gloves)
SInv    .            p - +0 pair of boots {Fly}
Will    .....        b - amulet of guardian spirit Stlth
                     r - +1 ring of dexterity
HPRegen 0.28/turn    (no ring)
MPRegen 0.11/turn

%: guardian spirit
@: confused, flying, mesmerised
A: sickness immunity, AC +5, negative energy resistance 1, electricity
resistance, torment resistance 1, petrification resistance
a: no special abilities


You were on level 6 of the Dungeon.
You visited 1 branch of the dungeon, and saw 6 of its levels.

You collected 260 gold pieces.
You spent 189 gold pieces at shops.


Innate Abilities, Weirdness & Mutations

You are immune to sickness and miasma.
Your stone body is resilient. (AC +5)
You are immune to poison.
You resist negative energy. (rN+)
You are resistant to electric shocks. (rElec)
You are resistant to unholy torment.
You are immune to petrification.


   Skills:
 - Level 5.1 Fighting
 - Level 7.6 Axes
 + Level 4.8 Armour
 - Level 1.0 Dodging
 - Level 3.2 Shields


You had 7 spell levels left.
You didn't know any spells.
Your spell library was empty.

Inventory:

Hand Weapons
 n - a +0 flail of holy wrath
 q - a +1 mace of holy wrath
 Y - a +1 war axe (weapon)
Missiles
 k - 3 boomerangs (quivered)
Armour
 a - a +1 helmet (worn)
 c - a +0 buckler (worn)
 f - a +1 cloak (worn)
 p - a +0 pair of boots of flying (worn)
 u - a +0 plate armour (worn)
Jewellery
 b - an amulet of guardian spirit (around neck)
 r - a +1 ring of dexterity (left hand)
Scrolls
 g - a scroll of identify
Potions
 d - a potion of might
 e - a potion of cancellation
 h - a potion of degeneration {unknown}
 i - a potion of resistance {unknown}
 j - a potion of brilliance {unknown}
 l - 2 potions of ambrosia {unknown}
 m - a potion of berserk rage {unknown}
 o - a potion of attraction {unknown}
 s - a potion of enlightenment {unknown}

Dungeon Overview and Level Annotations

Branches:
Dungeon (6/15)
 Temple: D:4-7

Altars:
Nemelex Xobeh
Ru

Shops:
D:1 [   D:4 =   D:5 [=[

Annotations:
D:6 Maggie


Message History

Maggie is moderately wounded.
You barely miss the sky beast. You hit the ice beast but do no damage.
You barely miss something. The ice beast hits you. The ice beast freezes you!
The sky beast hits you but does no damage.
Maggie hits you with a +2 scimitar of flaming.
Maggie burns you. Something hits you.
You slash Maggie!
Maggie is heavily wounded.
You slash the sky beast! You closely miss the ice beast.
You closely miss something.
The ice beast hits you but does no damage.
The sky beast hits you but does no damage.
Something hits you but does no damage. Maggie hits you but does no damage.
You barely miss Maggie.
Maggie is heavily wounded.
You slash the sky beast! You hit the ice beast but do no damage.
You hit something.
The ice beast hits you but does no damage.
You block the sky beast's attack.
You hear some strange, mumbled words.
A magic dart appears from out of thin air!
The magic dart hits you. Maggie hits you but does no damage.
You closely miss the sky beast.
The sky beast is severely wounded.
You hit the ice beast. You hit Maggie but do no damage.
You completely miss something.
The ice beast hits you but does no damage.
Maggie hits you but does no damage.
You hear some strange, mumbled words.
Something tries to affect you, but you resist.
The sky beast hits you but does no damage.
The ice beast hits you but does no damage.
The sky beast barely misses you.
You hear some strange, mumbled words.
You are confused.
Maggie hits you with a +2 scimitar of flaming.
Maggie burns you. The ice beast hits you. The ice beast freezes you!
You die...

....................#
.............##..#.....#
......###.....#..##.#....
####..###....###.# .# #.#
.....###.....##..##.# #
.#...##.............. .#
.............######
.............).[.Yo..#..
..........##....@@O.....
......#.........Y{.....#
......###...............
...... ...###...........
...... ... #...........
.# #...........
............
#............


You could see Maggie (mesmerising), an ice beast, a sky beast, an ogre and an
orc.

Vanquished Creatures
  Eustachio (D:5)
  An ice beast (D:4)
  An ogre (D:4)
  2 scorpions
  A hound (D:4)
  5 orc priests
  An iguana (D:4)
  2 sleepcaps
  6 orc wizards
  5 gnolls
  11 adders
  A shadow imp (D:6)
  2 ufetubi (D:5)
  20 orcs
  7 ball pythons
  2 bats (D:3)
  8 endoplasms
  4 giant cockroaches
  9 goblins
  9 hobgoblins
  3 jackals (D:4)
  7 quokkas
  6 kobolds
  A rat (D:2)
115 creatures vanquished.

Notes
Turn   | Place    | Note
-------+----------+-------------------------------------------
     0 | D:1      | qw the Gargoyle Fighter began the quest for the Orb.
     0 | D:1      | Reached XP level 1. HP: 14/14 MP: 1/1
     0 | D:1      | 0 ||| qw: Version: 0.3-a-9-g12657ce
     0 | D:1      | 0 ||| qw: Game counter: 1119
     0 | D:1      | 0 ||| qw: Always use a shield: true
     0 | D:1      | 0 ||| qw: God list: Okawaru
     0 | D:1      | 0 ||| qw: Allow faded altars: false
     0 | D:1      | 0 ||| qw: Do Orc after D:15 true
     0 | D:1      | 0 ||| qw: Do second Lair branch before Depths: true
     0 | D:1      | 0 ||| qw: Lair rune preference: random
     0 | D:1      | 0 ||| qw: Plans: Normal, Zot:1-4, Slime:5, God:TSO, Crypt,
                  | Tomb, Abyss, Pan, Hells, Win
     0 | D:1      | 0 ||| PLANNING D:1-11
     9 | D:1      | 9 ||| Stepping ~*~*~tactically~*~*~ (hiding).
    11 | D:1      | 11 ||| Stepping ~*~*~tactically~*~*~ (hiding).
   151 | D:1      | Reached skill level 2 in Axes
   168 | D:1      | You fall into a shaft and drop 1 floor!
   262 | D:2      | Reached XP level 2. HP: 19/19 MP: 2/2
   326 | D:2      | Reached skill level 3 in Axes
   326 | D:2      | Reached XP level 3. HP: 23/23 MP: 3/3
   330 | D:2      | 330 ||| UPGRADING to +0 cloak.
   414 | D:1      | Found Redirph's Antique Armour Shoppe.
   440 | D:1      | 440 ||| SHOPLISTING chain mail (108 gold, have 35).
   440 | D:1      | 440 ||| SHOPLISTING runed chain mail (180 gold, have 35).
   440 | D:1      | 440 ||| SHOPLISTING shiny chain mail (180 gold, have 35).
   517 | D:1      | 517 ||| Stepping ~*~*~tactically~*~*~ (hiding).
   518 | D:1      | 518 ||| Stepping ~*~*~tactically~*~*~ (hiding).
   519 | D:1      | 519 ||| Stepping ~*~*~tactically~*~*~ (hiding).
   825 | D:1      | 825 ||| READING scroll labelled RURAUC DAESA.
   826 | D:1      | 826 ||| READING scroll labelled YPROOST FOOMN.
   832 | D:2      | 832 ||| STAIRDANCE
  1321 | D:2      | 1321 ||| READING 2 scrolls labelled YRAMIYZEMI.
  1322 | D:2      | 1322 ||| READING scroll of enchant armour.
  1322 | D:2      | 1322 ||| ENCHANTING +0 cloak.
  1323 | D:2      | 1323 ||| READING scroll labelled VOETRA TOORCH.
  1324 | D:2      | 1324 ||| READING scroll labelled XOLU CELUMUOK.
  1379 | D:3      | Reached XP level 4. HP: 27/28 MP: 4/4
  1442 | D:3      | 1442 ||| Stepping ~*~*~tactically~*~*~ (stealth).
  1498 | D:3      | Reached skill level 4 in Axes
  1717 | D:3      | 1717 ||| Stepping ~*~*~tactically~*~*~ (hiding).
  1961 | D:3      | 1961 ||| UPGRADING to +0 helmet.
  1966 | D:3      | 1966 ||| UPGRADING to +0 chain mail.
  1976 | D:3      | 1976 ||| DROPPING +0 scale mail.
  1977 | D:3      | 1977 ||| DROPPING ring of magical power.
  1978 | D:3      | 1978 ||| READING scroll labelled CAMEQU WEXIPP.
  2036 | D:4      | Noticed a scorpion
  2048 | D:4      | Killed a scorpion
  2049 | D:4      | Reached XP level 5. HP: 28/32 MP: 5/5
  2074 | D:4      | Reached skill level 5 in Axes
  2128 | D:4      | Reached XP level 6. HP: 22/38 MP: 6/6
  2204 | D:4      | Found Picummi's Jewellery Shop.
  2207 | D:4      | 2207 ||| DROPPING +0 club.
  2216 | D:4      | 2216 ||| SHOPLISTING amulet "Dischuih" {Regen+ Str+4} (499
                  | gold, have 126).
  2216 | D:4      | 2216 ||| SHOPLISTING amulet "Soxoffu" {Reflect rC+ SH+5}
                  | (484 gold, have 126).
  2216 | D:4      | 2216 ||| SHOPLISTING amulet of faith (440 gold, have 126).
  2216 | D:4      | 2216 ||| SHOPLISTING amulet of reflection (330 gold, have
                  | 126).
  2216 | D:4      | 2216 ||| SHOPLISTING ring of resist corrosion (220 gold,
                  | have 126).
  2216 | D:4      | 2216 ||| SHOPLISTING ring of willpower (275 gold, have
                  | 126).
  2369 | D:4      | Found a sparkling altar of Nemelex Xobeh.
  2424 | D:4      | Reached skill level 6 in Axes
  2577 | D:4      | 2577 ||| Stepping randomly (stuck).
  2599 | D:5      | Entered Level 5 of the Dungeon
  2609 | D:5      | 2609 ||| Stepping ~*~*~tactically~*~*~ (stealth).
  2610 | D:5      | 2610 ||| Stepping ~*~*~tactically~*~*~ (stealth).
  2625 | D:5      | Reached skill level 1 in Dodging
  2625 | D:5      | Reached XP level 7. HP: 43/43 MP: 7/7
  2633 | D:5      | 2633 ||| DROPPING +0 flail.
  2713 | D:5      | Found Zagod's Armour Shoppe.
  2725 | D:5      | 2725 ||| BUYING +0 pair of boots of flying (161 gold).
  2725 | D:5      | Bought a +0 pair of boots of flying for 161 gold pieces
  2725 | D:5      | 2725 ||| SHOPLISTING +0 pair of gloves "Declot" {rElec
                  | Will- rCorr} (278 gold, have 12).
  2842 | D:5      | 2842 ||| Stepping ~*~*~tactically~*~*~ (stealth).
  2893 | D:5      | Found a sacrificial altar of Ru.
  2902 | D:5      | Noticed Eustachio
  2936 | D:5      | HP: 9/43 [Eustachio/+0 rapier (3)]
  2936 | D:5      | HP: 3/43 [iron imp[Eustachio] (6)]
  2937 | D:5      | Killed Eustachio
  2938 | D:5      | Reached skill level 7 in Axes
  3269 | D:5      | Found Fawil's One-of-a-Kind Rings.
  3289 | D:5      | 3289 ||| BUYING +1 ring of dexterity (28 gold).
  3289 | D:5      | Bought a +1 ring of dexterity for 28 gold pieces
  3289 | D:5      | 3289 ||| SHOPLISTING +3 ring of evasion (140 gold, have
                  | 21).
  3289 | D:5      | 3289 ||| SHOPLISTING +7 ring of strength (630 gold, have
                  | 21).
  3289 | D:5      | 3289 ||| SHOPLISTING +8 ring of dexterity (770 gold, have
                  | 21).
  3289 | D:5      | 3289 ||| SHOPLISTING ring "Ico Jong" {Fly rF+ Int+3 Dex+5
                  | SInv} (735 gold, have 21).
  3289 | D:5      | 3289 ||| SHOPLISTING ring "Oget" {rElec rPois rF+ Int-4
                  | Dex+6} (739 gold, have 21).
  3289 | D:5      | 3289 ||| SHOPLISTING ring "Zeziud" {Int+10 SInv} (1421
                  | gold, have 21).
  3306 | D:5      | 3306 ||| Stepping ~*~*~tactically~*~*~ (hiding).
  3311 | D:5      | Found Ikuwkot's Armour Shoppe.
  3365 | D:5      | 3365 ||| SHOPLISTING +1 helmet of intelligence (198 gold,
                  | have 36).
  3365 | D:5      | 3365 ||| SHOPLISTING +1 pair of boots of flying (198 gold,
                  | have 36).
  3403 | D:5      | 3403 ||| STAIRDANCE
  3419 | D:4      | Reached XP level 8. HP: 23/49 MP: 8/8
  3510 | D:4      | 3510 ||| UPGRADING to +0 pair of boots of flying.
  3515 | D:4      | 3515 ||| UPGRADING to amulet of guardian spirit.
  3520 | D:4      | 3520 ||| UPGRADING to +1 ring of dexterity.
  3521 | D:4      | 3521 ||| READING 2 scrolls of identify.
  3521 | D:4      | 3521 ||| IDENTIFYING golden potion
  3533 | D:5      | 3533 ||| READING scroll of enchant armour.
  3533 | D:5      | 3533 ||| ENCHANTING +0 helmet.
  3872 | D:5      | 3872 ||| UPGRADING to +0 plate armour.
  3882 | D:5      | 3882 ||| DROPPING +0 chain mail.
  3883 | D:5      | 3883 ||| READING scroll labelled GOLOAF IKLOG.
  3884 | D:5      | 3884 ||| DRINKING 2 metallic clear potions.
  3921 | D:6      | 3921 ||| Stepping ~*~*~tactically~*~*~ (hiding).
  3922 | D:6      | 3922 ||| Stepping ~*~*~tactically~*~*~ (hiding).
  3947 | D:6      | 3947 ||| Stepping ~*~*~tactically~*~*~ (stealth).
  3958 | D:6      | 3958 ||| DRINKING potion of curing.
  3958 | D:6      | 3958 ||| (to cure confusion)
  4070 | D:6      | Noticed Maggie
  4083 | D:6      | HP: 12/49 [ice beast (2)]
  4083 | D:6      | Slain by an ice beast

Levels and vault maps discovered:
D:1:      eino_arrival_cavern_d, layout_rooms, serial_shops,
          nicolae_shop_gibbet_a_chance, serial_park_tiny_2
D:2:      layout_loops_ring
D:3:      layout_basic, serial_park_tiny_1
D:4:      layout_gridville, nemelex_spade_bored_becter, serial_shops, shop
D:5:      layout_loops_ring, nicolae_ru_sacrificial_ziggurat, serial_shops,
          shop, glass_columns_a, hangedman_abyss_or_decor_stagger,
          minmay_shop_grid_forest, nicolae_shop_unique_rings, uniq_eustachio
D:6:      layout_cave_pools, grunt_dithmenos_shadows,
          gammafunk_temple_overflow_statue, uniq_maggie

Skill      XL: |  1  2  3  4  5  6  7  8 |
---------------+-------------------------+-----
Axes           | 2 3 4 5 6 7 |  7.6
Fighting       | 4 5 |  5.1
Dodging        | 1 |  1.0
Armour         | 4 |  4.8
Shields        | |  3.2

Action                     |  1- 3 |  4- 6 |  7- 9 || total
---------------------------+-------+-------+-------++-------
  Melee: War axe           |    73 |   137 |   215 ||   425
  Throw: Boomerang         |       |     5 |     6 ||    11
    Use: Scroll            |     6 |     1 |     3 ||    10
         Potion            |       |       |     2 ||     2
 Armour: Scale mail        |    31 |    16 |       ||    47
         Chain mail        |       |    98 |   132 ||   230
         Plate armour      |       |       |    56 ||    56
  Dodge: Dodged            |    31 |    48 |   103 ||   182
  Block: Buckler           |     7 |    21 |    39 ||    67

Table legend:
 A = Non-vault XP
 B = Vault XP
 C = Vault XP percentage of total XP
 D = Non-vault monster count
 E = Vault monster count
 F = Vault count percentage of total count
                 A         B        C        D         E       F
            +---------+---------+-------+---------+---------+-------
      Total |    1379 |     203 |  12.8 |     114 |       1 |   0.9
            +---------+---------+-------+---------+---------+-------
        D:1 |      21 |       0 |   0.0 |      11 |       0 |   0.0
        D:2 |      49 |       0 |   0.0 |      14 |       0 |   0.0
        D:3 |      65 |       0 |   0.0 |      17 |       0 |   0.0
        D:4 |     596 |       0 |   0.0 |      30 |       0 |   0.0
        D:5 |     378 |     203 |  34.9 |      27 |       1 |   3.6
        D:6 |     270 |       0 |   0.0 |      15 |       0 |   0.0
            +---------+---------+-------+---------+---------+-------
